 Dungeon Crawl Stone Soup version 0.21.0 (webtiles) character file.

22441 reriks1 the Fighter (level 12, -2/123 HPs)
             Began as a Minotaur Berserker on Jan 6, 2018.
             Was a High Priest of Trog.
             Slain by an ice beast (14 damage)
             ... summoned by an ice statue
             ... in an ice cave.
             The game lasted 00:21:22 (13322 turns).

reriks1 the Fighter (Minotaur Berserker)           Turns: 13322, Time: 00:21:22

Health: -2/123     AC: 18    Str: 27    XL:     12   Next: 63%
Magic:  11/11      EV: 10    Int:  4    God:    Trog [*****.]
Gold:   806        SH: 26    Dex: 12    Spells: 11/11 levels left

rFire    + . .     SeeInvis .   q - +7 club
rCold    . . .     Gourm    .   u - +7 large shield
rNeg     . . .     Faith    .   D - +0 plate armour
rPois    .         Spirit   .   I - +2 hat
rElec    .         Reflect  .   v - +0 cloak
rCorr    .         Harm     .   (no gloves)
MR       ++...                  (no boots)
Stlth    ..........             H - amulet of regeneration
HPRegen  1.70/turn              j - +2 ring of dexterity
MPRegen  0.12/turn              M - ring of protection from fire

@: berserk cooldown, regenerating, slowed, very slow
A: retaliatory headbutt, horns 2, robust 1, wild magic 1
a: Berserk, Trog's Hand, Brothers in Arms, Burn Spellbooks, Renounce Religion


You were in an ice cave.
You worshipped Trog.
Trog was extremely pleased with you.
You were very hungry.

You visited 2 branches of the dungeon, and saw 13 of its levels.
You also visited: Ice Cave.

You collected 806 gold pieces.

Inventory:

Hand Weapons
 a - a +0 hand axe
 l - a +1 flail of protection
 q - a +7 club (weapon)
 N - a +1 antimagic morningstar
Missiles
 f - 19 javelins (quivered)
 K - 5 tomahawks of dispersal
Armour
 b - a +0 animal skin
 h - a +2 leather armour of positive energy
 n - the +1 pair of gloves of Chimes {*Contam rElec rCorr Dex-4}
   (You found it on level 6 of the Dungeon)

   It affects your dexterity (-4).
   It insulates you from electricity.
   It causes magical contamination when unequipped.
   It protects you from acid and corrosion.
 u - a +7 large shield (worn)
 v - a +0 cloak (worn)
 D - a +0 plate armour (worn)
 I - a +2 hat (worn)
Jewellery
 j - a +2 ring of dexterity (left hand)
 H - an amulet of regeneration (around neck)
 M - a ring of protection from fire (right hand)
Wands
 g - a wand of paralysis (15)
 p - a wand of flame (17)
 t - a wand of digging (16)
 y - a wand of iceblast (10)
Scrolls
 d - 4 scrolls of fog
 e - a scroll of enchant armour
 i - 7 scrolls of remove curse
 k - 5 scrolls of teleportation
 s - a scroll of random uselessness
 B - a scroll of summoning {unknown}
 F - 3 scrolls of identify
Potions
 m - 2 potions of lignification
 o - a potion of flight
 r - 3 potions of curing
 w - a potion of ambrosia
 x - 2 potions of invisibility
 z - a potion of agility
 A - a potion of heal wounds
 C - a potion of might {unknown}
 E - 2 potions of magic {unknown}
 G - 2 potions of berserk rage
Books
 J - a book of the Tempests

   Spells                             Type                      Level
   a - Static Discharge               Conjuration/Air              3
   b - Lightning Bolt                 Conjuration/Air              5
   c - Ignition                       Fire                         8
   d - Tornado                        Air                          9
   e - Shatter                        Earth                        9
   Trog disapproves of the use of such an item.
Comestibles
 c - 27 rations
 L - 8 chunks of flesh


   Skills:
 + Level 11.9 Fighting
 - Level 4.6(8.5) Axes
 + Level 11.0(11.4) Maces & Flails
 + Level 11.7 Armour
 + Level 10.8 Dodging
 + Level 10.9 Shields


You had 11 spell levels left.
You didn't know any spells.

Dungeon Overview and Level Annotations

Branches:
Dungeon (10/15)            Temple (0/1) D:4            Lair (3/6) D:10
  Swamp (0/4) Lair:3       Spider (0/4) Lair:3          Orc (0/2) D:10

Altars:
Ashenzari
Elyvilon
Gozag
Hepliaklqana
Nemelex Xobeh
Ru
Trog
Uskayaw
Wu Jian
Xom
Zin
The Shining One

Shops:
D:9 *

Annotations:
Lair:2 exclusion: oklob plant IceCv exclusion: ice statue


Innate Abilities, Weirdness & Mutations

You reflexively headbutt those who attack you in melee.
You have a pair of horns on your head.
You are robust. (+10% HP)
Your spells are a little harder to cast, but a little more powerful.


Message History

You headbutt the ice beast, but do no damage.
The ice beast barely misses you. You block the ice beast's attack.
You hit the ice statue but do no damage.
The ice statue is heavily damaged.
You block the ice beast's attack.
The ice statue glitters chillingly in the dim dungeon light.
The ice statue gestures at you. The freezing blast misses you.
The ice beast hits you but does no damage. x2
The ice beast hits you. The ice beast freezes you!
The ice statue gestures at you. The bolt of cold hits you!
You hit the ice statue. Your headbutt misses the ice statue.
The ice statue is heavily damaged.
You are engulfed in freezing vapours.
* * * LOW HITPOINT WARNING * * *
The ice beast hits you.
* * * LOW HITPOINT WARNING * * *
The ice beast freezes you!
You die...

##.#####..##
#.[.###..##
##......##
#..#....#
#.####.##
#..#####
#..##§##
##.§Y§Y##}#
##.§@8..#
####Y.#..#
#§# ##


You could see an ice statue and 3 ice beasts.

Vanquished Creatures
  Gastronok (Lair:2)
  A hydra (D:8)
  A catoblepas (Lair:2)
  Urug (Lair:2)
  The ghost of Shadowablaze the Cleaver, a novice HOMo of Okawaru (D:9)
  A black mamba (Lair:3)
  7 spiny frogs
  A rime drake (Lair:3)
  3 komodo dragons
  A polar bear (IceCv)
  2 trolls (D:10)
  A hornet (Lair:3)
  3 tyrant leeches (Lair:3)
  2 dream sheep (D:8)
  3 hippogriffs
  37 yaks
  A wyvern (Lair:2)
  2 hungry ghosts (D:8)
  2 vampire mosquitoes (D:10)
  Edmund (D:4)
  A swamp worm (Lair:3)
  4 water moccasins
  4 porcupines
  2 black bears
  2 orc warriors
  3 sky beasts
  2 phantoms
  A swamp drake (Lair:3)
  2 eyes of draining (D:10)
  A hornet zombie (D:7)
  A necrophage (D:8)
  3 ogres
  6 wolves
  2 centaurs (D:5)
  4 crocodiles
  3 big kobolds (D:8)
  A wyvern zombie (D:9)
  9 bullfrogs
  3 scorpions
  4 wights (D:10)
  5 electric eels
  6 crimson imps
  Crazy Yiuf (D:4)
  3 quasits
  8 orc wizards
  4 jellies
  2 gnoll shamans
  11 orc priests
  A hound (D:10)
  A centaur skeleton (D:9)
  Jessica (D:2)
  2 bullfrog skeletons (D:5)
  2 iguanas
  Natasha (D:2)
  15 worker ants
  2 killer bee zombies
  3 worker ant zombies
  A howler monkey zombie (D:8)
  Robin (D:2)
  13 adders
  12 gnolls
  A shadow imp (D:8)
  7 white imps (Lair:3)
  2 oozes
  An adder zombie (D:6)
  An adder skeleton (D:6)
  3 worms
  4 dart slugs
  3 leopard geckos
  33 orcs
  9 bats
  10 giant cockroaches
  19 goblins
  16 hobgoblins
  6 jackals
  6 kobolds
  A ball python (D:2)
  5 frilled lizards
  A jackal skeleton (D:7)
  2 leopard gecko skeletons
  A leopard gecko zombie (D:8)
  9 rats
365 creatures vanquished.

Vanquished Creatures (others)
  A polar bear (IceCv)
  A porcupine (Lair:3)
  2 wolves (IceCv)
4 creatures vanquished.

Grand Total: 369 creatures vanquished

Notes
Turn   | Place    | Note
-------+----------+-------------------------------------------
     0 | D:1      | reriks1 the Minotaur Berserker began the quest for the Orb.
     0 | D:1      | Reached XP level 1. HP: 19/19 MP: 0/0
   108 | D:1      | Reached XP level 2. HP: 19/27 MP: 1/1
   369 | D:1      | Reached ** piety under Trog
   480 | D:1      | Reached XP level 3. HP: 21/33 MP: 2/2
  1186 | D:2      | Noticed Robin
  1187 | D:2      | Reached XP level 4. HP: 23/40 MP: 3/3
  1199 | D:2      | Killed Robin
  1251 | D:2      | Reached *** piety under Trog
  1522 | D:2      | Noticed Jessica
  1531 | D:2      | Killed Jessica
  1699 | D:2      | Reached XP level 5. HP: 43/47 MP: 4/4
  1808 | D:2      | Noticed Natasha
  1815 | D:2      | Killed Natasha
  2289 | D:3      | Found a shimmering altar of Xom.
  2290 | D:3      | Noticed an angel
  2293 | D:3      | Found a glowing silver altar of Zin.
  2295 | D:3      | Reached skill level 1 in Maces & Flails
  2496 | D:3      | Found a glowing golden altar of the Shining One.
  2500 | D:3      | Reached skill level 5 in Fighting
  2579 | D:3      | Reached XP level 6. HP: 24/56 MP: 5/5
  2583 | D:3      | Reached **** piety under Trog
  3261 | D:4      | Found a sparkling altar of Nemelex Xobeh.
  3261 | D:4      | Found an ornate altar of the Wu Jian Council.
  3264 | D:4      | Reached skill level 1 in Shields
  3485 | D:4      | Found a staircase to the Ecumenical Temple.
  3494 | D:4      | Noticed Edmund
  3525 | D:4      | Killed Edmund
  3525 | D:4      | Reached XP level 7. HP: 39/62 MP: 6/6
  3570 | D:4      | Reached skill level 5 in Armour
  4044 | D:4      | Found a runed door.
  4367 | D:4      | Noticed Crazy Yiuf
  4377 | D:4      | Killed Crazy Yiuf
  4622 | D:5      | Entered Level 5 of the Dungeon
  4825 | D:5      | Found a hazy altar of Hepliaklqana.
  4827 | D:5      | Found a bloodstained altar of Trog.
  4865 | D:5      | Reached skill level 5 in Dodging
  4887 | D:5      | Found a white marble altar of Elyvilon.
  5146 | D:5      | Reached XP level 8. HP: 31/70 MP: 7/7
  6229 | D:6      | Found a sparkling altar of Nemelex Xobeh.
  6336 | D:6      | Got a pair of shimmering gloves
  6342 | D:6      | Identified the +1 pair of gloves of Chimes {*Contam rElec rCorr Dex-4} (You found it on level 6 of the Dungeon)
  6398 | D:6      | Gained mutation: You are clumsy. (Dex -2) [mutagenic glow]
  6428 | D:6      | Gained mutation: Scrolls take you a little longer to read. [mutagenic glow]
  6496 | D:6      | Found a sacrificial altar of Ru.
  6702 | D:7      | Reached skill level 5 in Maces & Flails
  6860 | D:7      | Reached skill level 5 in Shields
  6871 | D:7      | Found a hide-covered altar of Uskayaw.
  6996 | D:7      | Reached XP level 9. HP: 76/79 MP: 8/8
  7001 | D:7      | Lost mutation: You are clumsy. (Dex -2) [potion of mutation]
  7001 | D:7      | Lost mutation: Scrolls take you a little longer to read. [potion of mutation]
  7001 | D:7      | Gained mutation: You are robust. (+10% HP) [potion of mutation]
  7001 | D:7      | Gained mutation: Your spells are a little harder to cast, but a little more powerful. [potion of mutation]
  7011 | D:7      | Found a shattered altar of Ashenzari.
  7859 | D:8      | Reached ***** piety under Trog
  7911 | D:8      | Received a gift from Trog
  7925 | D:8      | Noticed a three-headed hydra
  7969 | D:8      | Killed a three-headed hydra
  7969 | D:8      | Reached XP level 10. HP: 43/99 MP: 9/9
  8853 | D:9      | Noticed Shadowablaze's ghost (novice HOMo)
  8867 | D:9      | Killed Shadowablaze's ghost
  9352 | D:9      | Found Gozag's Platinum Reserve.
  9446 | D:9      | Received a gift from Trog
  9461 | D:9      | Found an opulent altar of Gozag.
  9543 | D:10     | Entered Level 10 of the Dungeon
  9544 | D:10     | Found a staircase to the Orcish Mines.
  9624 | D:10     | Found a white marble altar of Elyvilon.
  9777 | D:10     | Found a staircase to the Lair.
 10330 | D:10     | Reached XP level 11. HP: 93/108 MP: 10/10
 10484 | D:10     | Reached skill level 10 in Fighting
 10731 | Lair:1   | Entered Level 1 of the Lair of Beasts
 10888 | Lair:1   | Reached skill level 10 in Armour
 11842 | Lair:2   | Noticed a catoblepas
 11875 | Lair:2   | Killed a catoblepas
 12012 | Lair:2   | Noticed Gastronok
 12025 | Lair:2   | Killed Gastronok
 12025 | Lair:2   | Reached skill level 10 in Maces & Flails
 12025 | Lair:2   | Reached skill level 10 in Dodging
 12025 | Lair:2   | Reached skill level 10 in Shields
 12025 | Lair:2   | Reached XP level 12. HP: 121/121 MP: 11/11
 12167 | Lair:2   | Noticed Urug
 12183 | Lair:2   | Killed Urug
 12600 | Lair:3   | Received a gift from Trog
 12893 | Lair:3   | Found a hole to the Spider Nest.
 12897 | Lair:3   | Received a gift from Trog
 13048 | Lair:3   | Found a staircase to the Swamp.
 13128 | Lair:3   | Found a frozen archway.
 13155 | IceCv    | Entered an ice cave
 13322 | IceCv    | Slain by an ice beast

Skill      XL: |  1  2  3  4  5  6  7  8  9 10 11 12 |
---------------+-------------------------------------+-----
Axes           | 4 |  4.6
Fighting       | 4 5 6 7 8 9 11 | 11.9
Armour         | 3 4 5 6 8 9 10 11 | 11.7
Dodging        | 3 4 5 6 7 8 10 | 10.8
Maces & Flails | 1 2 3 5 7 8 10 11 | 11.0
Shields        | 2 3 5 7 8 10 | 10.9

Action                   |  1- 3 |  4- 6 |  7- 9 | 10-12 || total
-------------------------+-------+-------+-------+-------++-------
Melee: Hand axe          |   100 |    35 |       |       ||   135
       Headbutt          |    15 |    23 |    69 |   223 ||   330
       Club              |       |    97 |   342 |   862 ||  1301
Invok: Berserk           |       |     1 |     2 |     6 ||     9
       Burn Spellbooks   |       |       |     1 |       ||     1
       Trog's Hand       |       |       |       |     4 ||     4
Evoke: Wand              |       |     5 |       |    11 ||    16
  Use: Scroll            |     2 |       |    17 |     7 ||    26
       Potion            |       |       |     3 |       ||     3
  Eat: Chunk             |     1 |     8 |    14 |    23 ||    46
       Ration            |       |       |     1 |     1 ||     2
Armor: Animal skin       |     8 |       |       |       ||     8
       Leather armour    |    20 |    27 |    57 |       ||   104
       Plate armour      |       |       |    10 |   182 ||   192
Dodge: Dodged            |    65 |    63 |    87 |   130 ||   345
Block: Large shield      |       |    35 |   307 |   898 ||  1240
